 Dungeon Sprint DCSS version 0.26-a0-651-gb41185065b (webtiles) character file.

Game seed: 5504333771801723953

3894 zazu2006 the Archer (level 10, -3/86 HPs)
             Began as a Gnoll Wanderer on Sept 28, 2020.
             Was an Elder of Okawaru.
             Slain by an unseen horror (9 damage)
             ... in the Dungeon (Sprint III: "The Ten Rune Challenge").
             The game lasted 00:11:25 (2142 turns).

zazu2006 the Archer (Gnoll Wanderer)                Turns: 2142, Time: 00:11:25

Health: -3/86      AC:  4    Str: 18    XL:     10   Next: 19%
Magic:  12/22      EV: 17    Int: 15    God:    Okawaru [****..]
Gold:   2053       SH:  0    Dex: 14    Spells: 17/26 levels left

rFire    . . .     SeeInvis .   s - +0 dagger
rCold    . . .     Faith    .   (no shield)
rNeg     . . .     Spirit   .   x - +0 leather armour
rPois    .         Reflect  .   (no helmet)
rElec    .         Harm     .   (no cloak)
rCorr    .         Rampage  .   (no gloves)
MR       .....     NoTele   +   (no boots)
Stlth    ++++......             (no amulet)
HPRegen  0.24/turn              (no ring)
MPRegen  0.18/turn              (no ring)

@: no status effects
A: distributed training, fangs 1, strong nose
a: Heroism, Renounce Religion


You were in the Dungeon.
You worshipped Okawaru.
Okawaru was greatly pleased with you.
You visited 1 branch You collected 2053 gold pieces.

Inventory:

Hand Weapons
 a - a +2 shortbow
 c - a +0 hand crossbow
 s - a +0 dagger (weapon)
 t - a +0 long sword of holy wrath
 w - a +1 scimitar of flaming
 y - a +1 dagger of freezing
Missiles
 b - 54 arrows
 d - 18 bolts
Armour
 f - a +0 robe
 x - a +0 leather armour (worn)
Wands
 u - a wand of random effects (15)
Scrolls
 l - a scroll of blinking
 m - 3 scrolls of remove curse {unknown}
 o - a scroll of holy word {unknown}
 p - 2 scrolls of identify {unknown}
 r - a scroll of immolation {unknown}
Potions
 e - a potion of lignification
 g - 3 potions of curing
 h - 2 potions of heal wounds
 i - a potion of haste
 j - a potion of magic
 k - a potion of berserk rage
 n - 3 potions of mutation {unknown}
 q - 4 potions of flight
Miscellaneous
 v - a phial of floods


   Skills:
 + Level 10.7 Fighting
 + Level 8.6 Short Blades
 + Level 8.6 Long Blades
 + Level 8.6 Axes
 + Level 8.6 Maces & Flails
 + Level 8.6 Polearms
 + Level 8.6 Staves
 + Level 8.6 Slings
 + Level 10.7 Bows
 + Level 8.6 Crossbows
 + Level 9.0 Throwing
 + Level 9.8 Armour
 + Level 8.6 Dodging
 + Level 8.6 Stealth
 + Level 8.6 Shields
 + Level 8.6 Unarmed Combat
 + Level 8.6 Spellcasting
 + Level 7.2 Conjurations
 + Level 7.2 Hexes
 + Level 7.2 Summonings
 + Level 7.2 Necromancy
 + Level 7.2 Translocations
 + Level 7.2 Transmutations
 + Level 7.2 Fire Magic
 + Level 7.2 Ice Magic
 + Level 7.2 Air Magic
 + Level 7.2 Earth Magic
 + Level 7.2 Poison Magic
 + Level 9.4 Invocations
 + Level 9.0 Evocations


You had 17 spell levels left.
You knew the following spells:

 Your Spells              Type           Power        Failure   Level
a - Magic Dart            Conj           ####         1%          1
b - Mephitic Cloud        Conj/Pois/Air  ####....     1%          3
c - Conjure Flame         Conj/Fire      ####....     1%          3
d - Blink                 Tloc           N/A          1%          2

Your spell library contained the following spells:

 Spells                   Type           Power        Failure   Level
 Animate Skeleton         Necr           ####..       1%          1
 Apportation              Tloc           ####..       1%          1
 Corona                   Hex            ####...      1%          1
 Summon Small Mammal      Summ           ####         1%          1
 Call Imp                 Summ           ####....     1%          2
 Slow                     Hex            ####....     1%          2


Dungeon Overview and Level Annotations

Branches:
Dungeon (1/1)

Altars:
Cheibriados
Dithmenos
Elyvilon
Fedhas
Gozag
Hepliaklqana
Kikubaaqudgha
Makhleb
Nemelex Xobeh
Okawaru
Qazlal
Ru
Sif Muna
Trog
Uskayaw
Vehumet
Wu Jian
Xom
Yredelemnul
Zin
The Shining One
Beogh
Jiyva
Lugonu

Shops:
D }


Innate Abilities, Weirdness & Mutations

Your experience applies equally to all skills.
You have very sharp teeth.
Your uncanny sense of smell can sniff out nearby items.


Message History

Casting: Mephitic Cloud (safe; 1% risk of failure)
Confirm with . or Enter, or press ? or * to list all spells.
You blink.
Something hits you.
Casting: Blink (safe; 1% risk of failure)
Confirm with . or Enter, or press ? or * to list all spells.
Press: ? - help, Shift-Dir - straight line The ball explodes into a vile cloud!
The stinking cloud engulfs something but does no damage.
The stinking cloud engulfs you but does no damage.
You are engulfed in noxious fumes.
Something hits you.
* * * LOW HITPOINT WARNING * * *
Something hits you!
* * * LOW HITPOINT WARNING * * *
Something hits you!
* * * LOW HITPOINT WARNING * * *
Something hits you.
* * * LOW HITPOINT WARNING * * *
Unknown command.
Something hits you!
You die...

#'##.)........#.#e..≈≈≈
.[)#[)[.÷...#.#.#e..##≈
)..#.##.##.####.+...#
##'#.#####..# #######
...#§#####################
...#..§§§§§#.))○○§.#.#.#.+
.)[#.#§§§#.#)#.§○##{#.#.#
..)).#§§§#§#.#..☼#.#)#.#
...#)#§..#...#..@##.#.#
▓▓▓▓▓▓▓▓▓▓▓▓▓▓▓▓▓#.#.#.#
##.#.#.# +.#.#.#.# ##
#.#.## #### ∆∆ ∆∆


There were no monsters in sight!

Vanquished Creatures
  A centaur warrior (D)
  Erica (D)
  An orc high priest (D)
  An orc knight (D)
  A deep elf mage (D)
  A shadow (D)
  A spatial vortex (D)
  3 orc warriors (D)
  A necrophage (D)
  2 centaurs (D)
  An earth elemental (D)
  A water elemental (D)
  3 orc priests (D)
  A jelly (D)
  2 orc wizards (D)
  Jessica (D)
  A wizard (D)
  A necromancer (D)
  3 humans (D)
  A kobold demonologist (D)
  An ooze (D)
  A phantom (D)
  8 orcs (D)
  2 rats (D)
40 creatures vanquished.

Notes
Turn   | Place    | Note
-------+----------+-------------------------------------------
     0 | D        | zazu2006 the Gnoll Wanderer began the quest for the Orb.
     0 | D        | zazu2006 set off with the following items: a +2 shortbow,
                  | 21 arrows, a +0 hand crossbow, 22 bolts, a potion of
                  | lignification, a +0 robe, a potion of curing, a potion of
                  | heal wounds, a potion of haste, 2 potions of magic, a
                  | potion of berserk rage, a scroll of blinking
     0 | D        | Reached XP level 1. HP: 23/23 MP: 1/1
    11 | D        | Reached skill level 1 in Invocations
    91 | D        | Reached skill level 1 in Short Blades
    91 | D        | Reached skill level 1 in Long Blades
    91 | D        | Reached skill level 1 in Axes
    91 | D        | Reached skill level 1 in Maces & Flails
    91 | D        | Reached skill level 1 in Polearms
    91 | D        | Reached skill level 1 in Staves
    91 | D        | Reached skill level 1 in Slings
    91 | D        | Reached skill level 1 in Crossbows
    91 | D        | Reached skill level 1 in Dodging
    91 | D        | Reached skill level 1 in Stealth
    91 | D        | Reached skill level 1 in Shields
    91 | D        | Reached skill level 1 in Unarmed Combat
    91 | D        | Reached skill level 1 in Spellcasting
   114 | D        | Noticed Jessica
   116 | D        | Killed Jessica
   116 | D        | Reached skill level 1 in Conjurations
   116 | D        | Reached skill level 1 in Hexes
   116 | D        | Reached skill level 1 in Summonings
   116 | D        | Reached skill level 1 in Necromancy
   116 | D        | Reached skill level 1 in Translocations
   116 | D        | Reached skill level 1 in Transmutations
   116 | D        | Reached skill level 1 in Fire Magic
   116 | D        | Reached skill level 1 in Ice Magic
   116 | D        | Reached skill level 1 in Air Magic
   116 | D        | Reached skill level 1 in Earth Magic
   116 | D        | Reached skill level 1 in Poison Magic
   116 | D        | Reached XP level 2. HP: 29/29 MP: 2/4
   116 | D        | Reached XP level 3. HP: 35/35 MP: 2/5
   173 | D        | Reached skill level 5 in Armour
   348 | D        | Noticed a water elemental
   359 | D        | Killed a water elemental
   359 | D        | Reached XP level 4. HP: 9/43 MP: 6/8
   603 | D        | Found a radiant altar of Vehumet.
   608 | D        | Found a shimmering blue altar of Sif Muna.
   608 | D        | Noticed a wizard
   609 | D        | Killed a wizard
   609 | D        | Reached XP level 5. HP: 48/48 MP: 8/10
   615 | D        | Found an ancient bone altar of Kikubaaqudgha.
   628 | D        | Learned a level 1 spell: Magic Dart
   632 | D        | Learned a level 3 spell: Mephitic Cloud
   636 | D        | Learned a level 3 spell: Conjure Flame
   639 | D        | Learned a level 2 spell: Blink
   646 | D        | Found a glowing silver altar of Zin.
   647 | D        | Found a glowing golden altar of the Shining One.
   647 | D        | Found a white marble altar of Elyvilon.
   647 | D        | Noticed a deep elf mage
   681 | D        | Killed a deep elf mage
   681 | D        | Reached skill level 5 in Short Blades
   681 | D        | Reached skill level 5 in Long Blades
   681 | D        | Reached skill level 5 in Axes
   681 | D        | Reached skill level 5 in Maces & Flails
   681 | D        | Reached skill level 5 in Polearms
   681 | D        | Reached skill level 5 in Staves
   681 | D        | Reached skill level 5 in Slings
   681 | D        | Reached skill level 5 in Crossbows
   681 | D        | Reached skill level 5 in Dodging
   681 | D        | Reached skill level 5 in Stealth
   681 | D        | Reached skill level 5 in Shields
   681 | D        | Reached skill level 5 in Unarmed Combat
   681 | D        | Reached skill level 5 in Spellcasting
   681 | D        | Reached skill level 5 in Invocations
   681 | D        | Reached XP level 6. HP: 50/57 MP: 1/14
   681 | D        | Reached XP level 7. HP: 55/63 MP: 1/15
   803 | D        | Found a hide-covered altar of Uskayaw.
   803 | D        | Found an iron altar of Okawaru.
   804 | D        | Found a roughly hewn altar of Beogh.
   804 | D        | Found a bloodstained altar of Trog.
   804 | D        | Found an ornate altar of the Wu Jian Council.
   804 | D        | Noticed a human
   804 | D        | Noticed a human
   821 | D        | Killed a human
   825 | D        | Killed a human
   845 | D        | Became a worshipper of Warmaster Okawaru
   854 | D        | Found a shadowy altar of Dithmenos.
   855 | D        | Found a basalt altar of Yredelemnul.
   855 | D        | Found a sacrificial altar of Ru.
   856 | D        | Reached skill level 5 in Conjurations
   856 | D        | Reached skill level 5 in Hexes
   856 | D        | Reached skill level 5 in Summonings
   856 | D        | Reached skill level 5 in Necromancy
   856 | D        | Reached skill level 5 in Translocations
   856 | D        | Reached skill level 5 in Transmutations
   856 | D        | Reached skill level 5 in Fire Magic
   856 | D        | Reached skill level 5 in Ice Magic
   856 | D        | Reached skill level 5 in Air Magic
   856 | D        | Reached skill level 5 in Earth Magic
   856 | D        | Reached skill level 5 in Poison Magic
   856 | D        | Reached XP level 8. HP: 71/71 MP: 15/17
   879 | D        | Noticed a shadow
   881 | D        | Killed a shadow
   896 | D        | Found a blossoming altar of Fedhas.
   896 | D        | Found a stormy altar of Qazlal.
   897 | D        | Found a snail-covered altar of Cheibriados.
   897 | D        | Found a burning altar of Makhleb.
   897 | D        | Found a hazy altar of Hepliaklqana.
   897 | D        | Found a shimmering altar of Xom.
   897 | D        | Found an opulent altar of Gozag.
   897 | D        | Found a sparkling altar of Nemelex Xobeh.
   897 | D        | Found a corrupted altar of Lugonu.
   897 | D        | Found a viscous altar of Jiyva.
   905 | D        | Reached * piety under Okawaru
  1072 | D        | Noticed Erica
  1291 | D        | Killed Erica
  1291 | D        | Reached ** piety under Okawaru
  1291 | D        | Reached XP level 9. HP: 32/78 MP: 11/19
  1683 | D        | Noticed a centaur warrior
  1695 | D        | Killed a centaur warrior
  1695 | D        | Reached *** piety under Okawaru
  1695 | D        | Reached skill level 10 in Fighting
  1695 | D        | Reached skill level 10 in Bows
  1735 | D        | Noticed an orc knight
  1851 | D        | Killed an orc knight
  1851 | D        | Reached **** piety under Okawaru
  1851 | D        | Received a gift from Okawaru
  1851 | D        | Reached XP level 10. HP: 72/86 MP: 5/22
  1859 | D        | Noticed an orc high priest
  1874 | D        | Killed an orc high priest
  2006 | D        | Found Huovigy's Gadget Emporium.
  2075 | D        | Noticed a deep elf mage
  2075 | D        | Noticed a deep elf mage
  2075 | D        | Noticed a deep elf mage
  2075 | D        | Noticed a deep elf mage
  2075 | D        | Noticed a deep elf knight
  2142 | D        | Slain by an unseen horror

Illustrated notes

Levels and vault maps discovered:
D:        dungeon_sprint_mu [sprint_mu_entry_cave, sprint_mu_temple_rooms,
          sprint_mu_d1_horrors, sprint_mu_d2_genie, sprint_mu_d3_branching,
          sprint_mu_orc_legion, sprint_mu_elf_gauntlet, sprint_mu_hive_nellie,
          sprint_mu_lair_fedhas, sprint_mu_vaults_butterflies,
          sprint_mu_slime_circle, sprint_mu_shoals_archi,
          sprint_mu_snake_twists, sprint_mu_blade_basic, sprint_mu_crypt_lich,
          sprint_mu_tomb_spiral, sprint_mu_vestibule_basic,
          sprint_mu_gehenna_hellfire, sprint_mu_dis_giant,
          sprint_mu_tartarus_statrot, sprint_mu_cocytus_islands, sprint_mu_zot1]

Skill      XL: |  1  2  3  4  5  6  7  8  9 10 |
---------------+-------------------------------+-----
Invocations    | 2 3 5 6 8 9 |  9.4
Short Blades   | 1 3 5 6 7 8 |  8.6
Long Blades    | 1 3 5 6 7 8 |  8.6
Axes           | 1 3 5 6 7 8 |  8.6
Maces & Flails | 1 3 5 6 7 8 |  8.6
Polearms       | 1 3 5 6 7 8 |  8.6
Staves         | 1 3 5 6 7 8 |  8.6
Slings         | 1 3 5 6 7 8 |  8.6
Crossbows      | 1 3 5 6 7 8 |  8.6
Dodging        | 1 3 5 6 7 8 |  8.6
Stealth        | 1 3 5 6 7 8 |  8.6
Shields        | 1 3 5 6 7 8 |  8.6
Unarmed Combat | 1 3 5 6 7 8 |  8.6
Spellcasting   | 1 3 5 6 7 8 |  8.6
Throwing       | 3 4 6 7 8 9 |  9.0
Conjurations   | 1 2 4 5 6 7 |  7.2
Hexes          | 1 2 4 5 6 7 |  7.2
Summonings     | 1 2 4 5 6 7 |  7.2
Necromancy     | 1 2 4 5 6 7 |  7.2
Translocations | 1 2 4 5 6 7 |  7.2
Transmutations | 1 2 4 5 6 7 |  7.2
Fire Magic     | 1 2 4 5 6 7 |  7.2
Ice Magic      | 1 2 4 5 6 7 |  7.2
Air Magic      | 1 2 4 5 6 7 |  7.2
Earth Magic    | 1 2 4 5 6 7 |  7.2
Poison Magic   | 1 2 4 5 6 7 |  7.2
Evocations     | 3 4 6 7 8 9 |  9.0
Armour         | 5 7 8 9 |  9.8
Fighting       | 7 8 9 10 | 10.7
Bows           | 7 8 9 10 | 10.7

Action                   |  1- 3 |  4- 6 |  7- 9 | 10-12 || total
-------------------------+-------+-------+-------+-------++-------
Melee: Dagger            |       |     3 |    26 |    37 ||    66
       Bite              |       |       |     4 |     8 ||    12
       Punch             |       |       |     1 |     4 ||     5
 Fire: Shortbow          |    29 |     4 |    61 |       ||    94
       Hand crossbow     |       |       |    13 |       ||    13
 Cast: Mephitic Cloud    |       |     3 |    28 |     6 ||    37
       Blink             |       |       |     7 |     1 ||     8
       Magic Dart        |       |       |       |     3 ||     3
  Use: Potion            |       |       |     1 |       ||     1
 Stab: Sleeping          |       |     1 |     4 |       ||     5
       Confused          |       |     1 |     4 |     4 ||     9
Armor: Robe              |     1 |       |       |     1 ||     2
       Leather armour    |       |       |       |     2 ||     2
Dodge: Dodged            |     5 |       |    15 |    11 ||    31

Table legend: (Time is in decaauts)
 A = Elapsed time spent in this place.
 B = Non-inter-level travel time spent in this place.
 C = Inter-level travel time spent in this place.
 D = Time resting spent in this place.
 E = Time spent auto-exploring this place.
 F = Levels seen in this place.
 G = Mean time per level.
                   A        B        C        D        E       F      G
               +--------+--------+--------+--------+--------+-----+--------+
         Total |   2105 |   2105 |      0 |   1000 |    213 |   1 | 2105.0 |
       Dungeon |   2105 |   2105 |      0 |   1000 |    213 |   1 | 2105.0 |
               +--------+--------+--------+--------+--------+-----+--------+

Top non-repeatable levels by time:
       D: 2105 daAuts
